 Dungeon Crawl Stone Soup version 0.28.0-45-g0d030f2227 (webtiles) character file.

Game seed: 6718583131292906647

116 sking99 the Twirler (level 4, -2/40 HPs)
             Began as a Minotaur Gladiator on May 19, 2022.
             Slain by a gnoll
             ... wielding a +0 halberd
              (9 damage)
             ... on level 3 of the Dungeon.
             The game lasted 00:03:55 (2618 turns).

sking99 the Twirler (Minotaur Gladiator)            Turns: 2618, Time: 00:03:55

Health: -2/40      AC: 10    Str: 20    XL:     4   Next: 70%
Magic:  3/3        EV:  8    Int:  5    God:
Gold:   107        SH:  0    Dex: 12    Spells: 3/3 levels left

rFire   . . .      SeeInvis .   a - +0 quarterstaff
rCold   . . .      Faith    .   (shield currently unavailable)
rNeg    . . .      Spirit   .   q - +0 chain mail
rPois   .          Reflect  .   c - +0 hat
rElec   .          Harm     .   g - +0 cloak
rCorr   .          Rampage  .   p - +0 pair of gloves
Will    .....                   (no boots)
Stlth   ..........              (no amulet)
HPRegen 0.13/turn               (no ring)
MPRegen 0.08/turn               (no ring)

@: no status effects
A: horns 2, retaliatory headbutt
a: no special abilities


You were on level 3 of the Dungeon.
You visited 1 branch of the dungeon, and saw 3 of its levels.

You collected 149 gold pieces.
You spent 42 gold pieces at shops.

Inventory:

Hand Weapons
 a - a +0 quarterstaff (weapon)
Missiles
 d - 2 throwing nets (quivered)
Armour
 c - a +0 hat (worn)
 g - a +0 cloak (worn)
 p - a +0 pair of gloves (worn)
 q - a +0 chain mail (worn)
Scrolls
 b - a scroll of fog {unknown}
 f - a scroll of magic mapping {unknown}
 h - a scroll of blinking {unknown}
 k - 6 scrolls of identify {unknown}
 n - a scroll of vulnerability {unknown}
Potions
 e - a potion of berserk rage {unknown}
 i - a potion of cancellation {unknown}
 j - 2 potions of mutation {unknown}
 l - a potion of brilliance {unknown}
 o - a potion of heal wounds {unknown}


   Skills:
 + Level 3.6 Fighting
 * Level 5.3 Staves
 + Level 3.0 Throwing
 - Level 3.2 Dodging


You had 3 spell levels left.
You didn't know any spells.
Your spell library contained the following spells:

 Spells                   Type           Power      Damage    Failure   Level
 Animate Skeleton         Necr           0%         N/A       100%        1
 Apportation              Tloc           0%         N/A       100%        1
 Freeze                   Ice            0%         1d3       100%        1
 Summon Small Mammal      Summ           0%         N/A       100%        1
 Frozen Ramparts          Ice            0%         1d2       100%        3
 Hailstorm                Conj/Ice       0%         3d3       100%        4
 Alistair's Intoxication  Tmut/Pois      0%         N/A       100%        5


Dungeon Overview and Level Annotations

Branches:
Dungeon (3/15)

Altars:

Shops:
D:3 [![

Annotations:
D:3 Sigmund


Innate Abilities, Weirdness & Mutations

You have a pair of horns on your head.
You reflexively headbutt those who attack you in melee.


Message History

The gnoll barely misses you.
You hit the gnoll.
The gnoll is moderately wounded.
The gnoll closely misses you. The gnoll hits you with a +0 spear.
You barely miss the gnoll.
The gnoll is moderately wounded.
The gnoll closely misses you. The gnoll hits you with a +0 spear.
You closely miss the gnoll.
The gnoll is moderately wounded.
The gnoll barely misses you. The gnoll closely misses you.
You barely miss the gnoll.
The gnoll is moderately wounded.
The gnoll closely misses you. The gnoll hits you but does no damage.
You barely miss the gnoll.
You headbutt the gnoll, but do no damage.
The gnoll is moderately wounded.
The gnoll misses you. The gnoll hits you but does no damage.
You barely miss the gnoll.
The gnoll is moderately wounded.
The gnoll misses you. The gnoll barely misses you.
You hit the gnoll but do no damage.
The gnoll is moderately wounded.
The gnoll hits you from afar with a +0 halberd.
The gnoll closely misses you.
You hit the gnoll.
The gnoll is heavily wounded.
The gnoll barely misses you. The gnoll hits you with a +0 spear.
There is an open door here.
The gnoll hits you from afar with a +0 halberd.
The gnoll hits you but does no damage. The gnoll hits you with a +0 spear.
The gnoll hits you from afar with a +0 halberd.
* * * LOW HITPOINT WARNING * * *
The gnoll closely misses you.
The gnoll hits you from afar with a +0 halberd.
* * * LOW HITPOINT WARNING * * *
The gnoll closely misses you.
The gnoll hits you from afar with a +0 halberd.
* * * LOW HITPOINT WARNING * * *
The gnoll hits you from afar with a +0 halberd!
You die...

#............#..............♣..∩.
#............##.########.....♣...
####.........##.# ##.....♣.♣
#.........##.# #......♣.
###....#####.# #...(.... #....##
#.#########........ #.....#
#.##.....##########
#.....####'##.....#
##......##..@gg....#
#..................#
#.............g....#
#..................#
#.........#.###'#.##
#.........#.# #.#.# #.........#.#
#.#.# #...........# #.#.#
#...........###.#.###..


You could see 3 gnolls.

Vanquished Creatures
  A hound (D:3)
  3 adders
  A worm (D:3)
  A dart slug (D:1)
  An orc (D:3)
  3 ball pythons
  3 endoplasms (D:1)
  5 goblins
  8 hobgoblins
  4 jackals (D:1)
  2 quokkas
  10 bats
  2 frilled lizards (D:1)
  5 kobolds
  3 rats
52 creatures vanquished.

Notes
Turn   | Place    | Note
-------+----------+-------------------------------------------
     0 | D:1      | sking99 the Minotaur Gladiator began the quest for the Orb.
     0 | D:1      | Reached XP level 1. HP: 18/18 MP: 0/0
   232 | D:1      | Reached skill level 4 in Staves
   233 | D:1      | Reached XP level 2. HP: 25/25 MP: 1/1
   316 | D:1      | Found a faded altar of an unknown god.
  1172 | D:1      | Reached XP level 3. HP: 30/31 MP: 2/2
  1811 | D:3      | Found Byosuveh's Antique Armour Emporium.
  1819 | D:3      | Reached skill level 5 in Staves
  1819 | D:3      | Reached XP level 4. HP: 38/38 MP: 3/3
  1848 | D:3      | Found Isaaw's Distillery.
  1893 | D:3      | Bought a potion of curing for 42 gold pieces
  1915 | D:3      | Noticed Sigmund
  2319 | D:3      | Found Herrokhlu's Armour Shoppe.
  2618 | D:3      | Slain by a gnoll

Illustrated notes

Levels and vault maps discovered:
D:1:      tarquinn_simple_flora_water_e, layout_loops_ring,
          chequers_ecumenical_altar_simple, serial_co_window_serial,
          co_window_paths_a, co_window_paths_a, co_window_paths_b,
          co_window_paths_a, co_window_paths_a, co_window_unsneaky_path_e,
          co_window_corner_b, co_window_unsneaky_path_a, co_window_broadway_a,
          co_window_2corner, co_window_2corner, glass_columns_a, glass_columns_b
D:2:      layout_rooms
D:3:      layout_basic, serial_shops, nicolae_diamond_shop, nicolae_shop_stone,
          nicolae_square_shop, nicolae_diamond_shop, uniq_sigmund

Skill      XL: |  1  2  3  4 |
---------------+-------------+-----
Staves         | 4 5 |  5.3
Fighting       | 3 |  3.6
Throwing       | 3 |  3.0
Dodging        | |  3.2

Action                   |  1- 3 |  4- 6 || total
-------------------------+-------+-------++-------
Melee: Quarterstaff      |    58 |    27 ||    85
       Headbutt          |    12 |     5 ||    17
Throw: Throwing net      |     1 |       ||     1
  Use: Potion            |       |     1 ||     1
 Stab: Held in net/web   |     1 |       ||     1
Armor: Leather armour    |    13 |       ||    13
       Ring mail         |    10 |     4 ||    14
       Chain mail        |       |     3 ||     3
Dodge: Dodged            |    51 |    30 ||    81
